 Dungeon Crawl Stone Soup version 0.31.0-11-ge490571c62 (webtiles) character file.

Game seed: 4276683430689821524

133 RancidPinata the Sneak (level 5, -1/37 HPs)
             Began as an Octopode Delver on Feb 1, 2024.
             Was an Initiate of Ru.
             Killed from afar by an orc wizard (7 damage)
             ... with a puff of flame
             ... on level 5 of the Dungeon.
             The game lasted 00:05:34 (1211 turns).

RancidPinata the Sneak (Octopode Delver)            Turns: 1211, Time: 00:05:34

Health: -1/37      AC:  1    Str: 11    XL:     5   Next: 16%
Magic:  5/5        EV: 14    Int: 13    God:    Ru [......]
Gold:   33         SH:  0    Dex: 15    Spells: 4/4 levels left

rFire   . . .        a - +0 short sword
rCold   . . .        (no shield)
rNeg    . . .        (helmet restricted)
rPois   .            (no amulet)
rElec   .            (no ring)
rCorr   .            (no ring)
SInv    .            (no ring)
Will    .....        (no ring)
Stlth   +++++        (no ring)
HPRegen 0.26/turn    (no ring)
MPRegen 0.09/turn    (no ring)
                     (no ring)

%: no passive effects
@: no status effects
A: almost no armour, amphibious, 8 rings, camouflage 1, gelatinous body 1,
(nimble swimmer 1), tentacles
a: Renounce Religion


You were on level 5 of the Dungeon.
You worshipped Ru.
Ru was noncommittal.
You visited 2 branches of the dungeon, and saw 4 of its levels.

You collected 33 gold pieces.

Inventory:

Hand Weapons
 a - a +0 short sword (weapon)
Missiles
 i - 10 stones (quivered)
Wands
 f - a wand of digging (3)
Scrolls
 b - a scroll of fog
 c - a scroll of revelation
 d - a scroll of fear
 h - 2 scrolls of teleportation {unknown}
 j - a scroll of noise {unknown}
Potions
 e - a potion of haste
 g - a potion of degeneration {unknown}


   Skills:
 * Level 4.1 Fighting
 + Level 2.7 Short Blades
 * Level 3.4 Dodging
 + Level 7.1 Stealth


You had 4 spell levels left.
You didn't know any spells.
Your spell library contained the following spells:

 Spells                   Type           Power      Damage    Failure   Level
 Hailstorm                Conj/Ice       0%         3d5       67%         3
 Inner Flame              Hex/Fire       0%         N/A       67%         3
 Summon Ice Beast         Ice/Summ       0%         N/A       67%         3
 Flame Wave               Conj/Fire      0%         2d4       97%         4
 Sticky Flame             Fire/Alch      0%         2d4       97%         4
 Sculpt Simulacrum        Ice/Alch       0%         N/A       100%        6


Dungeon Overview and Level Annotations

Branches:
Dungeon (7/15)             Temple (1/1) D:6

Altars:
Ashenzari
Fedhas
Gozag
Kikubaaqudgha
Makhleb
Nemelex Xobeh
Okawaru
Qazlal
Ru
Wu Jian
Zin
The Shining One


Innate Abilities, Weirdness & Mutations

You cannot wear most types of armour.
You are amphibious.
You can wear up to eight rings at the same time.
Your skin changes colour to match your surroundings (Stealth+).
Your rubbery body absorbs attacks. (AC +1, EV +1)
((You are camouflaged when in or above water. (Stealth+)))
You have tentacles for arms and can constrict up to eight enemies at once.


Message History

Your Fighting skill increases to level 4!
You have reached level 5!
You feel clever.
The orc wizard mumbles some strange words.
The orc wizard flickers and vanishes!
Deactivating autopickup; reactivate with Ctrl-A.
Something hits you.
You hit something but do no damage. Your squeeze misses something.
Something hits you.
You miss something. You squeeze something. You miss something.
Something hits you.
You hit something but do no damage.
You hear some strange, mumbled words.
You are confused.
You bump into the rock wall.
Something hits you but does no damage.
You barely miss something. Your squeeze misses something.
Something barely misses you. Something hits you.
You completely miss something. Something hits you.
You hit something. Your squeeze misses something.
You hear some strange, mumbled words.
You are more confused.
You bump into the rock wall.
Something completely misses you.
You miss something.
You bump into the rock wall.
Something hits you.
You bump into the rock wall.
Something hits you.
* * * LOW HITPOINT WARNING * * *
You bump into the rock wall.
Something hits you.
* * * LOW HITPOINT WARNING * * *
You bump into the rock wall.
Something barely misses you.
You hit something. You squeeze something.
Something hits you but does no damage.
You're too confused to move!
Something hits you.
* * * LOW HITPOINT WARNING * * *
You bump into the rock wall.
You feel less confused.
You hear some strange, mumbled words.
A puff of flame appears from out of thin air!
The puff of flame hits you!
You die...

#...#.o..#
.........#
.#......#######
#......o.).).#
#.....######.#
#...... ...#.#
#####..##..#.#
....#..#{# #.
###....#@# ####...
##..#.# ......l
...###....###.......
_........>..........
8..###.##########.##
#. .. ... ....


There were no monsters in sight!

Vanquished Creatures
  A scorpion (D:6)
  An orc priest (D:5)
  An iguana (D:6)
  2 adders (D:6)
  2 orcs (D:5)
7 creatures vanquished.

Notes
Turn   | Place    | Note
-------+----------+-------------------------------------------
     0 | D:5      | RancidPinata the Octopode Delver began the quest for the
                  | Orb.
     0 | D:5      | Reached XP level 1. HP: 16/16 MP: 1/1
    52 | D:6      | Noticed a gnoll sergeant
   143 | D:6      | Noticed a scorpion
   256 | D:6      | Killed a scorpion
   257 | D:6      | Reached XP level 2. HP: 3/21 MP: 2/2
   257 | D:6      | Reached XP level 3. HP: 3/26 MP: 3/3
   259 | D:6      | HP: 1/26 [poisoned by a scorpion]
   531 | D:6      | Reached XP level 4. HP: 28/33 MP: 4/4
   535 | D:6      | Reached skill level 7 in Stealth
   631 | D:6      | Found a staircase to the Ecumenical Temple.
   638 | Temple   | Entered the Ecumenical Temple
   837 | Temple   | Became a worshipper of Ru the Awakened
   860 | D:6      | Noticed a black bear
   876 | D:6      | Noticed an orc warrior
   978 | D:6      | Found an ornate altar of the Wu Jian Council.
   985 | D:7      | Noticed a bullfrog
  1111 | D:5      | Found an opulent altar of Gozag.
  1185 | D:5      | Reached XP level 5. HP: 24/37 MP: 5/5
  1211 | D:5      | Killed from afar by an orc wizard

Illustrated notes

Levels and vault maps discovered:
D:5:      layout_basic, nicolae_yredelemnul_corpse_copse, lemuel_tele_altar,
          chequers_temple_overflow_statue_of_worship
D:6:      layout_basic, mainiacjoe_overflow_24_doors, temple_green,
          minmay_crystal_water
D:7:      layout_cave_pods, worldfamousw_hep_ancestral_shrine, minmay_shop_chei
Temple:   chequers_temple_sunken

Skill      XL: |  1  2  3  4 |
---------------+-------------+-----
Dodging        | 3 |  3.4
Stealth        | 7 |  7.1
Fighting       | 4 |  4.1
Short Blades   | |  2.7

Action                     |  1- 3 |  4- 6 || total
---------------------------+-------+-------++-------
  Melee: Short sword       |    10 |    27 ||    37
         Tentacles         |     3 |     5 ||     8
         Constrict         |     2 |     4 ||     6
    Use: Potion            |     1 |       ||     1
   Stab: Sleeping          |       |     1 ||     1
 Armour: Skin              |     6 |    20 ||    26
  Dodge: Dodged            |     7 |     8 ||    15
